Map: Oxide LE

Players

MaxPax - Winner!

  • Race: Protoss Protoss
  • League: Grandmaster
  • Spawn Location: 7:00

ShoWTimE

  • Race: Protoss Protoss
  • League: Master
  • Spawn Location: 1:00

Event: DreamHack SC2 Masters 2020 Winter

VOD

Have the link to the VOD?

Description

Time

  • Played on: Oct. 27, 2020, 2:36 p.m.
  • Length: 2:08

All games in this series

Show
View Real Time Build Order
Export as new Build Order

MaxPax Protoss - Winner!

Build Orders: Cannon Rush 

Get SALT Encoding   

  12  0:00  Probe (Chrono Boost)  
  13  0:10  Probe (Chrono Boost)  
  14  0:15  Probe (Chrono Boost)  
  15  0:21  Pylon  
  15  0:39  Forge  
  15  0:58  Pylon  
  15  0:59  Pylon  
  15  1:01  Pylon  
  15  1:19  Photon Cannon  
  15  1:24  Gateway  
  15  1:28  Pylon  
  15  1:37  Pylon  
  15  1:47  Photon Cannon  
  15  1:54  Photon Cannon  
  15  2:00  Pylon  
Show
View Real Time Build Order
Export as new Build Order

ShoWTimE Protoss 

Build Orders:  

Get SALT Encoding   

  12  0:00  Probe  
  13  0:12  Probe  
  14  0:18  Pylon  
  14  0:24  Probe (Chrono Boost)  
  15  0:36  Probe (Chrono Boost)  
  15  0:38  Gateway  
  16  0:45  Probe (Chrono Boost)  
  16  0:47  Assimilator  
  17  0:50  Probe  
  18  1:03  Probe  
  19  1:22  Pylon  
  19  1:23  Zealot (Chrono Boost)  
  22  1:35  Forge  
  21  1:50  Probe  
Tags
 
Add a new tag
Caveats
  • Supply blocks, unpowered buildings, or Contaminate may cause inaccurate times.
  • Supply counts are checked every 10 seconds.